 Dungeon Crawl Stone Soup version 0.24.1-4-ge52af88ad5 (webtiles) character file.

Game seed: 8172351013565450608, levelgen mode: deterministic

175 Peloso the Shield-Bearer (level 5, 0/47 HPs)
             Began as a Minotaur Fighter on Apr 12, 2020.
             Slain by Grinder (2 damage)
             ... on level 4 of the Dungeon.
             The game lasted 00:05:03 (1875 turns).

Peloso the Shield-Bearer (Minotaur Fighter)         Turns: 1875, Time: 00:05:03

Health: 0/47       AC:  9    Str: 25    XL:     5   Next: 29%
Magic:  4/4        EV:  4    Int:  5    God:
Gold:   147        SH: 16    Dex:  8    Spells: 4/4 levels left

rFire    . . .     SeeInvis .   a - +0 long sword
rCold    . . .     Gourm    .   c - +1 large shield
rNeg     . . .     Faith    .   n - +0 chain mail
rPois    .         Spirit   .   (helmet restricted)
rElec    .         Reflect  .   e - scarf {repulsion}
rCorr    .         Harm     .   (no gloves)
MR       .....                  (no boots)
Stlth    ..........             (no amulet)
HPRegen  0.15/turn              g - -3 ring of dexterity (curse)
MPRegen  0.09/turn              (no ring)

@: mighty, repel missiles
A: retaliatory headbutt, horns 2
a: no special abilities


You were on level 4 of the Dungeon.
You were not hungry.

You visited 1 branch of the dungeon, and saw 4 of its levels.

You collected 147 gold pieces.

Inventory:

Hand Weapons
 a - a +0 long sword (weapon)
Armour
 b - a +0 scale mail
 c - a +1 large shield (worn)
 e - a scarf of repulsion (worn)
 n - a +0 chain mail (worn)
Jewellery
 g - a cursed -3 ring of dexterity (left hand)
Wands
 s - a wand of random effects (20)
Scrolls
 i - 4 scrolls of magic mapping
 l - a scroll of enchant weapon {unknown}
 m - 7 scrolls of identify
 o - a scroll of teleportation {unknown}
 p - a scroll of noise
 r - a scroll of remove curse {unknown}
Potions
 d - 2 potions of might
 j - a potion of flight
 k - a potion of agility {unknown}
 q - a potion of degeneration {unknown}
Comestibles
 f - 7 rations
 t - a chunk of flesh


   Skills:
 + Level 4.3 Fighting
 + Level 4.0 Long Blades
 + Level 4.7 Armour
 + Level 0.5 Dodging
 + Level 0.1 Stealth
 + Level 5.0 Shields


You had 4 spell levels left.
You didn't know any spells.
Your spell library was empty.

Dungeon Overview and Level Annotations

Branches:
Dungeon (4/15)
 Temple: D:4-7

Altars:
Vehumet

Annotations:
D:4 Grinder


Innate Abilities, Weirdness & Mutations

You reflexively headbutt those who attack you in melee.
You have a pair of horns on your head.


Message History

Grinder says, "You look like you could use a good racking."
You block Grinder's attack.
You see here a worm corpse.
You closely miss Grinder. You headbutt Grinder.
Grinder is heavily wounded.
Grinder gestures at you.
You suddenly lose the ability to move!
Grinder gestures at you. Pain shoots through your body!
* * * LOW HITPOINT WARNING * * *
Grinder hits you but does no damage. x2
You can move again.
You slash Grinder! Your headbutt misses Grinder.
Grinder is severely wounded.
You block Grinder's attack.
Unknown command.
You hit Grinder.
Grinder is almost dead.
Grinder hits you.
You die...

########
......###
##.....## #
#..(....# .
#.##....#..#.##
#.)..<.........
#.#.##...@.......
.!.....<.5##.#.##
#.#.##.##.# .# #
# # #.....# #
......# .....###
#..... ......
##...


You could see Grinder.

Vanquished Creatures
  Crazy Yiuf (D:2)
  4 gnolls
  4 adders (D:3)
  5 worms
  A dart slug (D:2)
  2 leopard geckos (D:1)
  An orc (D:3)
  2 ball pythons
  5 bats
  4 giant cockroaches
  5 hobgoblins
  4 jackals (D:3)
  5 frilled lizards
  4 goblins
  6 kobolds
  6 rats
59 creatures vanquished.

Notes
Turn   | Place    | Note
-------+----------+-------------------------------------------
     0 | D:1      | Peloso the Minotaur Fighter began the quest for the Orb.
     0 | D:1      | Reached XP level 1. HP: 19/19 MP: 0/0
   150 | D:1      | Reached XP level 2. HP: 22/27 MP: 1/1
   152 | D:1      | Reached skill level 4 in Shields
   581 | D:2      | Reached XP level 3. HP: 33/33 MP: 2/2
   869 | D:2      | Found a runed translucent door.
   870 | D:2      | Noticed Crazy Yiuf
  1039 | D:2      | Killed Crazy Yiuf
  1039 | D:2      | Reached XP level 4. HP: 10/40 MP: 3/3
  1565 | D:3      | Reached XP level 5. HP: 38/47 MP: 4/4
  1646 | D:3      | Found a radiant altar of Vehumet.
  1762 | D:3      | Reached skill level 5 in Shields
  1843 | D:4      | Noticed Grinder
  1867 | D:4      | Paralysed by Grinder for 7 turns
  1869 | D:4      | HP: 1/47 [Grinder/nerve-wracking pain (10)]
  1875 | D:4      | Slain by Grinder

Levels and vault maps discovered:
D:1:      wander_arrival_desolate, layout_rooms, minmay_misc_feat_five
D:2:      layout_rooms, uniq_crazy_yiuf_cottage
D:3:      layout_basic, overflow_temple_1_default, first_ration
D:4:      layout_loops_cross, makhleb_altar_promises_db,
          gammafunk_temple_overflow_pools, ebering_ghost_sewer_d, serial_shops,
          nicolae_shop_waterfront, grunt_decor_one_mirror,
          fedhas_bush_and_centaur_altar, uniq_menkaure, uniq_grinder

Skill      XL: |  1  2  3  4  5 |
---------------+----------------+-----
Shields        | 4 5 |  5.0
Fighting       | 4 |  4.3
Armour         | 4 |  4.7
Long Blades    | 3 4 |  4.0
Dodging        | |  0.5
Stealth        | |  0.1

Action                   |  1- 3 |  4- 6 || total
-------------------------+-------+-------++-------
Melee: Long sword        |    93 |    73 ||   166
       Headbutt          |    16 |    18 ||    34
Evoke: Wand              |       |     1 ||     1
  Use: Potion            |     3 |     2 ||     5
       Scroll            |       |     5 ||     5
  Eat: Chunk             |       |     3 ||     3
Armor: Scale mail        |    18 |       ||    18
       Chain mail        |    37 |    57 ||    94
Dodge: Dodged            |    37 |    10 ||    47
       Deflected         |     1 |       ||     1
Block: Shield            |    40 |       ||    40
       Large shield      |    17 |    96 ||   113
       Rpst.: Long sword |    10 |     1 ||    11
